 Dungeon Crawl Stone Soup version 0.27-a0-96-gb51a1d6fd6 (webtiles) character file.

Game seed: 12447093670091519705

99 knot the Chopper (level 4, 20/52 HPs)
             Began as a Demonspawn Berserker on Jan 19, 2021.
             Was a Believer of Trog.
             Quit the game on level 2 of the Dungeon.
             The game lasted 00:00:57 (1815 turns).

knot the Chopper (Demonspawn Berserker)             Turns: 1815, Time: 00:00:58

Health: 20/52      AC:  5    Str: 17    XL:     4   Next: 45%
Magic:  4/4        EV: 11    Int:  9    God:    Trog [**....]
Gold:   40         SH:  0    Dex: 13    Spells: 3/3 levels left

rFire    . . .     SeeInvis .   a - +0 hand axe
rCold    . . .     Faith    .   (no shield)
rNeg     . . .     Spirit   .   i - +0 ring mail (curse)
rPois    .         Reflect  .   (helmet restricted)
rElec    .         Harm     .   (no cloak)
rCorr    .         Rampage  .   (no gloves)
Will     .....                  (no boots)
Stlth    ..........             (no amulet)
HPRegen  0.17/turn              (no ring)
MPRegen  0.09/turn              (no ring)

@: berserking, very quick
A: horns 1, miasma immunity
a: Renounce Religion, Berserk, Trog's Hand


You were on level 2 of the Dungeon.
You worshipped Trog.
Trog was pleased with you.
You visited 1 branch of the dungeon, and saw 2 of its levels.

You collected 40 gold pieces.

Inventory:

Hand Weapons
 a - a +0 hand axe (weapon)
Missiles
 d - 58 stones
 j - 22 sling bullets
Armour
 i - a cursed +0 ring mail (worn)
Scrolls
 b - a scroll of enchant armour {unknown}
 c - a scroll of remove curse {unknown}
 g - a scroll of fear {unknown}
 l - a scroll of teleportation {unknown}
Potions
 e - a potion of flight {unknown}
 f - a potion of attraction {unknown}
 h - a potion of haste {unknown}
 k - a potion of brilliance {unknown}
 m - a potion of berserk rage {unknown}


   Skills:
 - Level 3.0 Fighting
 + Level 4.8 Axes
 - Level 1.7 Armour
 - Level 1.7 Dodging


You had 3 spell levels left.
You didn't know any spells.
Your spell library was empty.

Dungeon Overview and Level Annotations

Branches:
Dungeon (2/15)

Altars:


Innate Abilities, Weirdness & Mutations

You have a pair of small horns on your head.
You are immune to miasma.


Message History

The bullfrog is heavily wounded.
The bullfrog hits you.
You barely miss the bullfrog.
The bullfrog is heavily wounded.
The bullfrog hits you but does no damage.
You slash the bullfrog!
You feel the power of Trog in you as your rage grows.
You kill the bullfrog!
Trog accepts your kill.
You can now call upon Trog for regeneration and willpower.
You have reached level 4!
You feel agile.
Your demonic ancestry asserts itself...
You feel immune to miasma.
Are you sure you want to abandon this character and quit the game? (Confirm with "yes".)
Okay, then.
Unknown command.
Unknown command.
Unknown command.
Unknown command.
Are you sure you want to abandon this character and quit the game? (Confirm with "yes".)

###...###≈≈≈#####
#.....#≈≈≈≈##.....<.
..###.######....... .##
##.....# .....## .#
#####.# #.....# .# #.#
#.....# ## ##.# #.....##
####### #..###......##
......###.##....@....#
#####...#.##.#..†.>)#...
.............#..........
.#..÷..)[...##..........
.#........(....#........
.........##.............
..)........##...........
...#.÷.).........[......
.#..##....#...#...


There were no monsters in sight!

Vanquished Creatures
  A bullfrog (D:2)
  2 worms (D:2)
  A dart slug (D:2)
  3 goblins
  6 hobgoblins
  2 ball pythons (D:2)
  4 bats (D:1)
  6 kobolds
  A rat (D:1)
26 creatures vanquished.

Vanquished Creatures (others)
  13 toadstools (D:2)
13 creatures vanquished.

Grand Total: 39 creatures vanquished

Notes
Turn   | Place    | Note
-------+----------+-------------------------------------------
     0 | D:1      | knot the Demonspawn Berserker began the quest for the Orb.
     0 | D:1      | Reached XP level 1. HP: 18/18 MP: 1/1
   119 | D:1      | Reached skill level 3 in Axes
   496 | D:1      | Gained mutation: You have a pair of small horns on your
                  | head. [demonic ancestry]
   496 | D:1      | Reached XP level 2. HP: 22/24 MP: 2/2
  1552 | D:2      | Reached XP level 3. HP: 21/29 MP: 3/3
  1804 | D:2      | Noticed a bullfrog
  1809 | D:2      | Reached skill level 4 in Axes
  1814 | D:2      | Killed a bullfrog
  1814 | D:2      | Reached ** piety under Trog
  1815 | D:2      | Gained mutation: You are immune to miasma. [demonic
                  | ancestry]
  1815 | D:2      | Reached XP level 4. HP: 20/35 MP: 4/4
  1815 | D:2      | Quit the game

Illustrated notes

Levels and vault maps discovered:
D:1:      lightli_arrival_statuegarden, layout_loops_ring,
          chequers_serial_rivers_small_3
D:2:      layout_rooms, tgw_fedhas, makhleb_blood_cavern_becter,
          gammafunk_temple_overflow_elements, chequers_serial_rivers_large_b,
          minmay_increasing_density

Skill      XL: |  1  2  3 |
---------------+----------+-----
Axes           | 3 4 |  4.8
Fighting       | |  3.0
Armour         | |  1.7
Dodging        | |  1.7

Action                   |  1- 3 |  4- 6 || total
-------------------------+-------+-------++-------
Melee: Hand axe          |    81 |       ||    81
       Headbutt          |     7 |       ||     7
Invok: Berserk           |     2 |       ||     2
 Stab: Sleeping          |     1 |       ||     1
Armor: Animal skin       |    13 |       ||    13
       Ring mail         |    16 |       ||    16
Dodge: Dodged            |    54 |       ||    54

Table legend: (Time is in decaauts)
 A = Elapsed time spent in this place.
 B = Non-inter-level travel time spent in this place.
 C = Inter-level travel time spent in this place.
 D = Time resting spent in this place.
 E = Time spent auto-exploring this place.
 F = Levels seen in this place.
 G = Mean time per level.
                   A        B        C        D        E       F      G
               +--------+--------+--------+--------+--------+-----+--------+
         Total |   1885 |   1863 |     22 |    526 |   1138 |   2 |  942.5 |
       Dungeon |   1885 |   1863 |     22 |    526 |   1138 |   2 |  942.5 |
               +--------+--------+--------+--------+--------+-----+--------+

Top non-repeatable levels by time:
     D:1: 1216 daAuts
     D:2: 669 daAuts
